[Event "*** SCC Grand Prix: Titled Tuesday Blitz"]
[Site "Chess.com"]
[Date "2020.08.04"]
[Round "9"]
[White "praveenb2002"]
[Black "SamuelGhimpu2003"]
[Result "1-0"]
[WhiteElo "2778"]
[BlackElo "2558"]
[TimeControl "180+1"]
[EndTime "15:26:32 PDT"]
[Termination "praveenb2002 won on time"]

1. d4 Nf6 2. c4 e6 3. Nc3 Bb4 4. Qc2 O-O 5. a3 Bxc3+ 6. Qxc3 b6 7. Bg5 Bb7 8. f3 d5 9. e3 c5 10. dxc5 Nbd7 11. cxd5 exd5 12. cxb6 Qxb6 13. Qd4 Rfc8 14. Qxb6 axb6 15. Bxf6 gxf6 16. Bd3 Ne5 17. Bf5 Re8 18. b3 d4 19. e4 Nd3+ 20. Ke2 Nc5 21. Nh3 Nxb3 22.
Ra2 Ba6+ 23. Kf2 d3 24. Nf4 d2 25. Rd1 Red8 26. Nd5 Kg7 27. Rb2 Nd4 28. Bh3 Bc4 29. Nxb6 1-0

[Event "*** SCC Grand Prix: Titled Tuesday Blitz"]
[Site "Chess.com"]
[Date "2020.08.04"]
[Round "9"]
[White "Chesswizard_2007"]
[Black "Hangar-18"]
[Result "1-0"]
[WhiteElo "2506"]
[BlackElo "2371"]
[TimeControl "180+1"]
[EndTime "15:26:33 PDT"]
[Termination "Chesswizard_2007 won by resignation"]

1. Nf3 g6 2. d4 d6 3. e4 a6 4.
Nc3 b5 5. h4 h6 6. Bd3 Bb7 7.
Qe2 Bg7 8. Be3 Nd7 9. O-O-O c5 10. dxc5 Qa5 11. c6 Bxc6 12. Bd4 Ngf6 13. Kb1 b4 14. Nd5 Bxd5 15. exd5 Qxd5 16. Bxg6 Qc6 17. Bf5 e5 18. g4 Nc5 19. Bxe5 dxe5 20. Nxe5 Qb5 21.
Qe3 O-O 22. g5 Nh5 23. gxh6 Bxe5 24. Qxe5 Rfe8 25. Rhg1+ Kf8 26. Qd6+ Re7 27. h7 Qf1 1-0

[Event "*** SCC Grand Prix: Titled Tuesday Blitz"]
[Site "Chess.com"]
[Date "2020.08.04"]
[Round "9"]
[White "Filip_Covic"]
[Black "Roza_Idrisova"]
[Result "1-0"]
[WhiteElo "2369"]
[BlackElo "2244"]
[TimeControl "180+1"]
[EndTime "15:26:35 PDT"]
[Termination "Filip_Covic won by resignation"]

1. e4 c6 2. d4 d5 3. f3 e6 4.
Bf4 a5 5. Nc3 Bb4 6. Ne2 b6 7.
a3 Bd6 8. e5 Bc7 9. h4 Ne7 10.
h5 h6 11. g4 Ba6 12. Bh3 Nd7 13.
Ng3 f6 14. Qd2 fxe5 15. dxe5 Bxe5 16. Bxe5 Nxe5 17. Qe3 Qd6 18. O-O-O Nc4 19. Qe1 O-O 20. Kb1 Rxf3 21. Nge4 Qf4 22. Bg2 Re3 23. Qf2 Qe5 24. Rhf1 dxe4 25. Qf7+ Kh8 26. Qxe7 Nxb2 27. Rf8+ Rxf8 28.
Qxf8+ Kh7 29. Rd8 Re1+ 30. Kxb2 1-0

[Event "*** SCC Grand Prix: Titled Tuesday Blitz"]
[Site "Chess.com"]
[Date "2020.08.04"]
[Round "9"]
[White "frederiksvane"]
[Black "wild_cat99"]
[Result "0-1"]
[WhiteElo "2568"]
[BlackElo "2653"]
[TimeControl "180+1"]
[EndTime "15:26:36 PDT"]
[Termination "wild_cat99 won by checkmate"]

1. e4 c5 2. Nf3 d6 3. Bb5+ Bd7 4.
c4 g6 5. Nc3 Bh6 6. O-O a6 7.
Bxd7+ Nxd7 8. d4 Bxc1 9. Rxc1 cxd4 10. Qxd4 Ngf6 11. e5 dxe5 12. Nxe5 Nxe5 13. Qxe5 O-O 14. Rfd1 Qb6 15. Qxe7 Rac8 16. Rd6 Qxb2 17. Qe3 Ng4 18. Qf4 Rxc4 19. Qxc4 Qxc1+ 20. Rd1 Qb2 21. Ne4 b5 22. Qd5 Qe2 23. h3 Re8 24. Nd6 Qxf2+ 25. Kh1 Ne3 26. Qd4 Qxg2# 0-1

[Event "*** SCC Grand Prix: Titled Tuesday Blitz"]
[Site "Chess.com"]
[Date "2020.08.04"]
[Round "9"]
[White "kuban1991"]
[Black "Jospem"]
[Result "1-0"]
[WhiteElo "2794"]
[BlackElo "2930"]
[TimeControl "180+1"]
[EndTime "15:26:40 PDT"]
[Termination "kuban1991 won by resignation"]

1. Nf3 c5 2. g3 Nc6 3. Bg2 g6 4. O-O Bg7 5. c4 d6 6. Nc3 e6 7.
e3 Nge7 8. d4 O-O 9. b3 Nf5 10.
Ne2 cxd4 11. Nexd4 Nfxd4 12. Nxd4 Nxd4 13. exd4 d5 14. c5 a5 15. Bf4 Bd7 16. Re1 Re8 17. h4 b6 18. Rc1 bxc5 19. dxc5 Bc6 20. Be5 Bxe5 21.
Rxe5 Qf6 22. Qd4 Red8 23. Rce1 Rab8 24. h5 Rb4 25. Qd2 Qe7 26. Bh3 Re4 27. Qxa5 Qf6 28. R5xe4 dxe4 29. Bg2 e3 30. Rxe3 Rd1+ 31. Re1 Qa1 32.
Rf1 Qb1 33. Qd8+ Rxd8 34. Rxb1 Bb5 35. hxg6 hxg6 36. a4 Be2 37. c6 Kf8 38. b4 Ke7 39.
b5 Kd6 40. Rb2 Bc4 41. Rd2+ Ke7 42. Rxd8 Kxd8 43. b6 f5 44. c7+ Kc8 45. a5 e5 46.
Bf1 Bd5 47. a6 Bb7 48. axb7+ 1-0

[Event "*** SCC Grand Prix: Titled Tuesday Blitz"]
[Site "Chess.com"]
[Date "2020.08.04"]
[Round "9"]
[White "MVM2008"]
[Black "Nara_Kh"]
[Result "1-0"]
[WhiteElo "2243"]
[BlackElo "2318"]
[TimeControl "180+1"]
[EndTime "15:26:44 PDT"]
[Termination "MVM2008 won by checkmate"]

1. d4 d5 2. c4 c6 3. Nc3 Nf6 4. Bg5 dxc4 5. e4 b5 6. e5 Nd5 7. Nf3 h6 8. Bh4 g5 9. Bg3 Bg7 10. a4 Nxc3 11. bxc3 Qd5 12. axb5 cxb5 13. Be2 Bb7 14.
Rg1 O-O 15. Nd2 Nc6 16. f4 gxf4 17. Bxf4 Nxe5 18. dxe5 Bxe5 19. Bxe5 Qxe5 20. Nf3 Qxc3+ 21. Kf2 Rfd8 22. Qb1 Qf6 23. Qxb5 Bxf3 24. gxf3+ Kh8 25.
Qxc4 Rac8 26. Qg4 Rd4 27. Qxc8+ Kh7 28. Qg8# 1-0

[Event "*** SCC Grand Prix: Titled Tuesday Blitz"]
[Site "Chess.com"]
[Date "2020.08.04"]
[Round "9"]
[White "Zarikovs1999"]
[Black "StoreySniper"]
[Result "1-0"]
[WhiteElo "2393"]
[BlackElo "2435"]
[TimeControl "180+1"]
[EndTime "15:26:45 PDT"]
[Termination "Zarikovs1999 won by resignation"]

1. e4 g6 2. d4 Bg7 3. Nc3 c5 4. dxc5 Bxc3+ 5. bxc3 Nf6 6. e5 Ne4 7. Bc4 Nxc5 8. Nf3 Ne6 9. Qd3 Nc6 10. O-O Qc7 11. Re1 b6 12. Bh6 Bb7 13. Bd5 O-O-O 14. Rad1 Kb8 15. Qe4 Na5 16. Ng5 Nxg5 17. Bxg5 Rhe8 18.
Bxb7 Qxb7 19. Qf4 Nc6 20. Qxf7 Rf8 21. Qxh7 Rh8 22. Qxg6 Rdg8 23. Qf5 e6 24. Qg4 Ne7 25.
h4 Nf5 26. Qe4 Qc7 27. Rd3 Rh5 28. Red1 Rg7 29. Qf3 Rhh7 30. Bf6 Rg6 31. Qf4 Qc6 32.
f3 Rxf6 33. exf6+ Kb7 34. Qe4 Rxh4 35. Rxd7+ 1-0

[Event "*** SCC Grand Prix: Titled Tuesday Blitz"]
[Site "Chess.com"]
[Date "2020.08.04"]
[Round "9"]
[White "FMOlexandrProhorov"]
[Black "The_Machine04"]
[Result "1-0"]
[WhiteElo "2126"]
[BlackElo "2233"]
[TimeControl "180+1"]
[EndTime "15:26:47 PDT"]
[Termination "FMOlexandrProhorov won on time"]

1. Nf3 d6 2. d4 Nf6 3. c4 g6 4. Nc3 Bf5 5. g3 Ne4 6. Qb3 b6 7. Nh4 Nxc3 8. Qxc3 Be4 9. f3 Bb7 10. d5 Rg8 11. e4 Bg7 12. Qc2 c6 13. Bh3 Nd7 14. O-O cxd5 15. exd5 Qc7 16. Qa4 Rd8 17.
Re1 Kf8 18. Bg5 f6 19. Bd2 Nc5 20. Qc2 Bc8 21. Bf1 Bf5 22. Nxf5 gxf5 23. Qxf5 Qd7 24. Qxh7 Rh8 25. Qg6 Qe8 26. Qc2 Qh5 27. Bc3 Qxf3 28. Qe2 Qxe2 29. Rxe2 Rd7 30. Rae1 Rc7 31. h4 Bh6 32.
Bh3 Rg8 33. Kh2 Bg7 34. b3 Bh6 35. g4 Nd3 36. Rf1 Nf4 37. Re4 Nxh3 38. Kxh3 Rh8 39. Kg3 Kg7 40. g5 1-0

[Event "*** SCC Grand Prix: Titled Tuesday Blitz"]
[Site "Chess.com"]
[Date "2020.08.04"]
[Round "9"]
[White "IMHansNiemann"]
[Black "ArjunErigaisi2003"]
[Result "0-1"]
[WhiteElo "2916"]
[BlackElo "3058"]
[TimeControl "180+1"]
[EndTime "15:26:51 PDT"]
[Termination "ArjunErigaisi2003 won by resignation"]

1. d4 d5 2. c4 e6 3. Nf3 Nf6 4. g3 Bb4+ 5. Bd2 Be7 6. Bg2 O-O 7. O-O c6 8. Qc2 b6 9. Bf4 Bb7 10. Nbd2 Nh5 11. Be3 Nd7 12. Nb3 a5 13. a4 f5 14.
Rfc1 Ba6 15. cxd5 cxd5 16. Qc6 Rf6 17. Ne5 Nf8 18. Bg5 Rc8 19. Bf3 Rxc6 20. Nxc6 Qe8 21.
Bxh5 Qxh5 22. Nxe7+ Kf7 23. Bxf6 Kxf6 24. Nc6 Bxe2 25.
Re1 Ng6 26. Ne5 f4 27. Nd2 f3 28. Nxg6 hxg6 29. Ra3 g5 30. Re3 g4 31. h4 Qe8 32.
Nb1 Qxa4 33. Nc3 Qxd4 34. Nxe2 fxe2 35. R1xe2 e5 36. Rc3 Qd1+ 0-1

[Event "*** SCC Grand Prix: Titled Tuesday Blitz"]
[Site "Chess.com"]
[Date "2020.08.04"]
[Round "9"]
[White "maxip32"]
[Black "peixe64"]
[Result "1-0"]
[WhiteElo "2480"]
[BlackElo "2334"]
[TimeControl "180+1"]
[EndTime "15:26:52 PDT"]
[Termination "maxip32 won by resignation"]

1. e4 e5 2. Nf3 Nc6 3. Bc4 Nf6 4.
d3 Bc5 5. O-O d6 6. c3 h6 7. a4 a6 8. Na3 O-O 9. Nc2 Re8 10. Be3 Bxe3 11. Nxe3 Be6 12. Re1 Qd7 13. Bxe6 Rxe6 14. Nf5 d5 15. Qc2 Nh5 16. g3 Nf6 17.
Rad1 Kh7 18. Re2 Rd8 19. Rde1 dxe4 20. dxe4 g6 21. Ne3 Qd3 22. Qxd3 Rxd3 23. Nd2 Red6 24.
Nec4 Rd7 25. a5 Kg7 26. Nb3 Rd1 27. Nc5 Rxe1+ 28. Rxe1 Rd8 29. Nxb7 Rb8 30. Nc5 Rb5 31.
b4 Ne8 32. Nxa6 Nd6 33. Nxc7 Rb7 34. Nxd6 Rxc7 35. Ne8+ 1-0

[Event "*** SCC Grand Prix: Titled Tuesday Blitz"]
[Site "Chess.com"]
[Date "2020.08.04"]
[Round "9"]
[White "AndrewDGreen"]
[Black "DryCounty"]
[Result "1-0"]
[WhiteElo "2407"]
[BlackElo "2567"]
[TimeControl "180+1"]
[EndTime "15:26:52 PDT"]
[Termination "AndrewDGreen won by resignation"]

1. d4 Nf6 2. Nf3 g6 3. Nc3 Bg7 4. e4 O-O 5. e5 Ne8 6. h4 d6 7. h5 Bg4 8. hxg6 fxg6 9. Bh6 Bxf3 10. gxf3 dxe5 11. Bc4+ Kh8 12. Qd2 Rf4 13. Bxf4 exf4 14. O-O-O Nf6 15. Qxf4 Qd6 16. Qh4 Nbd7 17. Ne4 Qc6 18.
Bb3 Rf8 19. Ng5 h6 20. Ne6 Nh5 21. Nxf8 Bxf8 22. Qg4 Bg7 23. Kb1 Nf8 24. Rdg1 Qf6 25. c3 Nf4 26. Bc2 c5 27. dxc5 Ne2 28. Qb4 Nxg1 29. Rxg1 Qxf3 30. c6 bxc6 31. Qxe7 Qxf2 32. Rd1 h5 33. a3 h4 34. Rh1 Qf6 35. Rxh4+ Kg8 36.
Bb3+ 1-0

[Event "*** SCC Grand Prix: Titled Tuesday Blitz"]
[Site "Chess.com"]
[Date "2020.08.04"]
[Round "9"]
[White "AJSC02"]
[Black "Kavyev_Ruslan"]
[Result "1-0"]
[WhiteElo "2272"]
[BlackElo "2381"]
[TimeControl "180+1"]
[EndTime "15:26:52 PDT"]
[Termination "AJSC02 won by resignation"]

1. e4 c5 2. Nf3 d6 3. d4 cxd4 4. Nxd4 Nf6 5. f3 a6 6. c4 e5 7. Nc2 Be6 8. Nc3 Nbd7 9. Be3 Rc8 10. Nd5 Bxd5 11. cxd5 Be7 12. Be2 Nh5 13. Qd2 h6 14. O-O Bg5 15. Rfc1 O-O 16. a4 Nc5 17. Bxg5 Qxg5 18. Qxg5 hxg5 19. Ra3 Nf4 20. Kf2 f5 21. b4 Nd7 22. exf5 Rxf5 23. Ne3 Rff8 24. Rac3 Nb6 25. Rxc8 Rxc8 26. Rxc8+ Nxc8 27. a5 Ne7 28. Bc4 Kf7 29. g3 Nfg6 30. Ke2 Nf8 31. Kd3 Nd7 32. Nd1 Nf6 33. Nc3 g4 34. fxg4 Nxg4 35. h4 Nf5 36.
Ne4 Nf6 37. g4 Nxe4 38. gxf5 Ng3 39. Bxa6 bxa6 40. b5 e4+ 41. Kd2 e3+ 42. Ke1 Ne4 43. bxa6 1-0

[Event "*** SCC Grand Prix: Titled Tuesday Blitz"]
[Site "Chess.com"]
[Date "2020.08.04"]
[Round "9"]
[White "crescentmoon2411"]
[Black "PotapovaM"]
[Result "1-0"]
[WhiteElo "2776"]
[BlackElo "2537"]
[TimeControl "180+1"]
[EndTime "15:26:53 PDT"]
[Termination "crescentmoon2411 won by resignation"]

1. c4 Nf6 2. Nc3 e6 3. e4 d5 4. e5 d4 5. exf6 dxc3 6. bxc3 Qxf6 7. Bd3 b6 8. Be4 c6 9. Nf3 Bd6 10. d4 h6 11. O-O O-O 12. Re1 Bb7 13. Ne5 Bxe5 14.
dxe5 Qe7 15. Qg4 Kh8 16. Qh5 f5 17. exf6 Qxf6 18. Be3 Nd7 19. h3 Rad8 20. a4 Qe5 21.
Qxe5 Nxe5 22. c5 Nd3 23. Reb1 Rd7 24. cxb6 axb6 25. Rxb6 Ba8 26. Rd1 Nc5 27. Rxd7 Nxd7 28. Ra6 Ne5 29. Bd4 Nc4 30. Ra7 e5 31. Bc5 Rd8 32.
a5 Nd2 33. Bg6 Nb3 34. Bb6 Rb8 35. Bc7 Rc8 36. Bxe5 Kg8 37. Rxg7+ Kf8 38. Rf7+ Kg8 39. Rh7 1-0

[Event "*** SCC Grand Prix: Titled Tuesday Blitz"]
[Site "Chess.com"]
[Date "2020.08.04"]
[Round "9"]
[White "serena-maria"]
[Black "Stormeman100100"]
[Result "1-0"]
[WhiteElo "2269"]
[BlackElo "2420"]
[TimeControl "180+1"]
[EndTime "15:26:53 PDT"]
[Termination "serena-maria won by resignation"]

1. Nf3 Nf6 2. g3 g6 3. Bg2 Bg7 4. O-O O-O 5. c4 c5 6. Nc3 Nc6 7. d4 cxd4 8. Nxd4 d6 9. b3 Bd7 10. Bb2 a6 11. Rc1 Rc8 12. h3 Qa5 13. e4 Qh5 14. Qxh5 Nxh5 15. Nxc6 bxc6 16. Ba1 Bd4 17. Kh2 Nf6 18. f4 Kg7 19. Rcd1 c5 20. g4 h6 21. Kg3 g5 22. fxg5 hxg5 23. Nd5 Bxa1 24. Rxa1 Nxd5 25. exd5 e5 26. Be4 f6 27. Rf3 Ra8 28. Raf1 a5 29. Rb1 Be8 30. Rf2 Bg6 31. Kf3 f5 32. gxf5 Bxf5 33.
Bxf5 Rxf5+ 34. Ke3 Rxf2 35. Kxf2 Kg6 36. Kg3 Rf8 37.
a3 Rf4 38. b4 cxb4 39. axb4 axb4 40. Rxb4 Rd4 41. Rb6 Rxc4 42. Rxd6+ Kf5 43. Rd8 Rc3+ 44. Kg2 e4 45. d6 Rc2+ 46. Kg3 Rc3+ 47. Kg2 Kf4 48.
d7 Rc2+ 49. Kf1 Rd2 50. Rf8+ Ke3 51. d8=Q Rxd8 52. Rxd8 Kf3 53. Rg8 Kf4 54. Kf2 e3+ 55.
Ke2 g4 56. Rxg4+ Kf5 57. Rg8 Ke4 58. Re8+ Kf4 59. Rxe3 Kg5 60. Rf3 Kh4 61. Kf2 Kg5 62.
Rg3+ Kh4 63. Kg2 Kh5 64. Rg4 Kh6 65. Kg3 Kh7 66. Kf3 Kh8 67. Kf4 Kh7 68. Kg5 Kg7 69.
Ra4 Kf7 70. Ra7+ 1-0

[Event "*** SCC Grand Prix: Titled Tuesday Blitz"]
[Site "Chess.com"]
[Date "2020.08.04"]
[Round "9"]
[White "SiddharthGMJagadeesh"]
[Black "goldenpuppy"]
[Result "1-0"]
[WhiteElo "2574"]
[BlackElo "2425"]
[TimeControl "180+1"]
[EndTime "15:26:55 PDT"]
[Termination "SiddharthGMJagadeesh won by resignation"]

1. d4 Nf6 2. Nf3 e6 3. c4 c5 4. d5 exd5 5. cxd5 d6 6. Nc3 g6 7. h3 a6 8. a4 Bg7 9. Bf4 O-O 10. e3 Qe7 11. Be2 Nbd7 12. O-O Nh5 13. Bh2 f5 14. Nd2 Nhf6 15. Nc4 Ne8 16. a5 Ne5 17. Nxe5 Bxe5 18.
Bxe5 Qxe5 19. Na4 Bd7 20. Nb6 Rd8 21. Qb3 Nf6 22. Rad1 Kg7 23. Nc4 Qe7 24. Qxb7 f4 25. Qxa6 Bc8 26. Qb6 Ng8 27. Rfe1 fxe3 28. Nxe3 Qf6 29.
Rf1 Qg5 30. Bg4 Bxg4 31. hxg4 Nf6 32. a6 Nxg4 33. Nxg4 Qxg4 34. a7 Qd7 35. Ra1 Ra8 36. Rfe1 Qf5 37. Re2 Qxd5 38. Re7+ Rf7 39. Rxf7+ Qxf7 40. Qxd6 Rxa7 41. Qe5+ Kh6 42. Qe3+ Kg7 43. Qc3+ Kh6 44.
Rd1 Re7 45. Rd3 g5 46. Rd6+ Re6 47. Qh3+ Qh5 48. Qxe6+ Kg7 49. Rd7+ 1-0

[Event "*** SCC Grand Prix: Titled Tuesday Blitz"]
[Site "Chess.com"]
[Date "2020.08.04"]
[Round "9"]
[White "LubovMarkelova"]
[Black "Lucas_Tomiello"]
[Result "0-1"]
[WhiteElo "2263"]
[BlackElo "2468"]
[TimeControl "180+1"]
[EndTime "15:26:55 PDT"]
[Termination "Lucas_Tomiello won by resignation"]

1. d4 Nf6 2. Nf3 g6 3. Bg5 Bg7 4. c3 O-O 5. Nbd2 d5 6. e3 h6 7. Bh4 b6 8. Be2 c5 9. O-O Nbd7 10. a4 a6 11. Re1 Bb7 12. Qc2 Re8 13. Rad1 Qc8 14. Rc1 g5 15. Bg3 Ne4 16. Nxe4 dxe4 17. Nd2 e5 18. dxc5 Nxc5 19. b4 Nd3 20. Bxd3 exd3 21.
Qxd3 Rd8 22. Qe2 Qc6 23. f3 Qxa4 24. Nc4 Qb5 25. Nxe5 Qxe2 26. Rxe2 Rac8 27. e4 b5 28. Rec2 h5 29. c4 h4 30. Ng4 hxg3 31. hxg3 bxc4 32.
Rxc4 Rxc4 33. Rxc4 Rd4 34. Rc5 Rxb4 35. Rxg5 Kf8 36.
Rf5 Bc8 37. Rc5 Bxg4 0-1

[Event "*** SCC Grand Prix: Titled Tuesday Blitz"]
[Site "Chess.com"]
[Date "2020.08.04"]
[Round "9"]
[White "keepitcool9499"]
[Black "Robert_Chessmood"]
[Result "1-0"]
[WhiteElo "2661"]
[BlackElo "2930"]
[TimeControl "180+1"]
[EndTime "15:26:57 PDT"]
[Termination "keepitcool9499 won by checkmate"]

1. d4 d5 2. c4 c6 3. cxd5 cxd5 4. Nc3 Nc6 5. Bf4 e5 6. dxe5 d4 7. Ne4 Qb6 8. Nf3 Qxb2 9. Qb1 Bb4+ 10. Bd2 Bxd2+ 11.
Nfxd2 Qxb1+ 12. Rxb1 Nxe5 13. Nd6+ Kf8 14. f4 Ng4 15.
Nf3 N8f6 16. Nxd4 g6 17. e4 Kg7 18. e5 Nd5 19. Bc4 Nxf4 20. O-O g5 21. g3 Nh3+ 22. Kh1 Nxe5 23. Bxf7 Rf8 24. Be6 Bd7 25. N6f5+ Kg6 26. Ne7+ Kh5 27. Bxd7 Nxd7 28. Kg2 g4 29. Rb5+ Ng5 30.
Ne6 h6 31. Ng7# 1-0

[Event "*** SCC Grand Prix: Titled Tuesday Blitz"]
[Site "Chess.com"]
[Date "2020.08.04"]
[Round "9"]
[White "cukin84"]
[Black "ChronicUnhappiness"]
[Result "0-1"]
[WhiteElo "2166"]
[BlackElo "2360"]
[TimeControl "180+1"]
[EndTime "15:26:58 PDT"]
[Termination "ChronicUnhappiness won by resignation"]

1. e4 c5 2. Nc3 g6 3. f4 Bg7 4.
Nf3 e6 5. d3 Nc6 6. g3 Nge7 7.
Bg2 O-O 8. O-O d5 9. e5 b6 10.
h3 Bb7 11. Ne2 d4 12. g4 Nb4 13. Ng3 Rc8 14. a3 Bxf3 15. Bxf3 Nbd5 16. Ne4 c4 17. Nd6 Rc6 18. Nxc4 b5 19. Nd6 Rxd6 20. exd6 Qxd6 21. Bg2 a5 22. Bd2 Rc8 23. Rc1 b4 24. axb4 axb4 25.
Ra1 Bh6 26. g5 Bg7 27. Ra7 Nf5 28. c4 bxc3 29. bxc3 Nde3 30. Bxe3 Nxe3 31. Qa4 Nxf1 32. Kxf1 dxc3 33. Qc2 Qxf4+ 34. Kg1 Qd2 35. Ra2 Bd4+ 36.
Kh1 Qxc2 37. Rxc2 Rb8 38. Bf3 Rb1+ 39. Kg2 Rb2 40. Bd1 Rxc2+ 41. Bxc2 Kf8 42. Kf3 Ke7 43. Ke4 e5 44. Bb3 Kd6 45. Bc2 Kc5 46. h4 Kb4 47. Kf3 Ka3 48. Ke2 Kb2 49. Kd1 Bf2 50. h5 gxh5 51. Ba4 Bh4 0-1

[Event "*** SCC Grand Prix: Titled Tuesday Blitz"]
[Site "Chess.com"]
[Date "2020.08.04"]
[Round "9"]
[White "ChessSwole"]
[Black "Koalaskakistis"]
[Result "0-1"]
[WhiteElo "2385"]
[BlackElo "2512"]
[TimeControl "180+1"]
[EndTime "15:26:59 PDT"]
[Termination "Koalaskakistis won by resignation"]

1. b3 Nf6 2. Bb2 g6 3. Nf3 Bg7 4. e3 O-O 5. d4 d6 6. Be2 Nc6 7. O-O Ne4 8. Nbd2 Nxd2 9. Qxd2 e5 10. dxe5 dxe5 11. Rfd1 Qe7 12. Bb5 Bg4 13. Be2 Rad8 14. Qe1 a5 15. a4 Nb4 16. Qc3 f5 17. h3 Bxf3 18. Bxf3 e4 19. Qc4+ Kh8 20. Bxg7+ Qxg7 21. Be2 Qe5 22. Rd4 Rxd4 23. exd4 Qd6 24. Rd1 f4 25. c3 Nd5 26. Bf1 e3 27. Qd3 exf2+ 28. Kxf2 f3 29.
g3 h5 30. h4 Re8 31. c4 Nb4 32. Qxf3 Rf8 33. Bg2 Rxf3+ 34. Bxf3 c6 35. d5 cxd5 36. cxd5 Kg7 37. Re1 Nxd5 38. Kg2 Qc5 39. Kh3 Ne3 40. Re2 Qf5+ 41. Bg4 Nxg4 0-1

[Event "*** SCC Grand Prix: Titled Tuesday Blitz"]
[Site "Chess.com"]
[Date "2020.08.04"]
[Round "9"]
[White "Sekar24"]
[Black "ahachess"]
[Result "1-0"]
[WhiteElo "2470"]
[BlackElo "2291"]
[TimeControl "180+1"]
[EndTime "15:26:59 PDT"]
[Termination "Sekar24 won by checkmate"]

1. e4 c6 2. Nf3 d5 3. Nc3 Bg4 4. h3 Bxf3 5. Qxf3 e6 6. Be2 Nf6 7. O-O Bb4 8. d3 O-O 9. Qg3 Bxc3 10. bxc3 dxe4 11. Bh6 Ne8 12. dxe4 f6 13. Bc4 Qe7 14.
Rfd1 b5 15. Bb3 Nd7 16. e5 Nxe5 17. Re1 Kh8 18. Bc1 a5 19. a4 b4 20. cxb4 axb4 21. f4 Ng6 22. Rxe6 Qc5+ 23. Kh2 Nc7 24. Re4 Nd5 25. Bb2 Rae8 26. Rae1 Rxe4 27. Rxe4 Nc3 28.
Rc4 Qd6 29. Bxc3 bxc3 30. Rxc3 Qxf4 31. Qxf4 Nxf4 32. Rxc6 Ra8 33. a5 Ne2 34. Bd5 Rxa5 35. Rc8# 1-0

[Event "*** SCC Grand Prix: Titled Tuesday Blitz"]
[Site "Chess.com"]
[Date "2020.08.04"]
[Round "9"]
[White "chessuriel"]
[Black "Dr_crypt"]
[Result "1-0"]
[WhiteElo "2277"]
[BlackElo "2409"]
[TimeControl "180+1"]
[EndTime "15:27:01 PDT"]
[Termination "chessuriel won by resignation"]

1. e4 e5 2. Nf3 Nf6 3. Nxe5 d6 4.
Nf3 Nxe4 5. Nc3 Nf6 6. d4 d5 7. Bd3 Bd6 8. h3 h6 9. Ne2 O-O 10. O-O Ne4 11. Bf4 Bf5 12. Bxd6 Qxd6 13. c3 Nd7 14. Qc2 Rfe8 15. Rae1 Re7 16. Nh4 Bxh3 17.
gxh3 Qf6 18. Ng2 Ng5 19. f4 Ne4 20. Bxe4 dxe4 21. Ng3 Rae8 22. Kh2 Nb6 23. Ne3 g6 24. f5 g5 25. Ng4 Qd6 26. f6 Re6 27. Nxh6+ Kf8 28. Ng4 Nd5 29. Qd2 Nf4 30. Qe3 Qd5 31. Rf2 Qd7 32. Rxf4 gxf4 33. Qxf4 Rxf6 34. Nxf6 Qd6 35.
Qxd6+ cxd6 36. Nxe8 Kxe8 37. Nxe4 1-0

[Event "*** SCC Grand Prix: Titled Tuesday Blitz"]
[Site "Chess.com"]
[Date "2020.08.04"]
[Round "9"]
[White "hansen"]
[Black "Zkid"]
[Result "0-1"]
[WhiteElo "2992"]
[BlackElo "2843"]
[TimeControl "180+1"]
[EndTime "15:27:02 PDT"]
[Termination "Zkid won by resignation"]

1. e4 e6 2. d4 d5 3. Nc3 Bb4 4.
exd5 exd5 5. Bd3 Nc6 6. a3 Ba5 7. Ne2 Nge7 8. O-O Bf5 9. Na4 O-O 10. b4 Bb6 11. c3 Qd7 12. Nb2 Rfe8 13. Ng3 Bxd3 14.
Qxd3 Ng6 15. Qf3 Nce7 16. Nd3 c6 17. Bg5 Nc8 18. Nf5 Nd6 19. Nxd6 Qxd6 20. Nc5 Bc7 21. g3 b6 22. Nd3 Re4 23. Qf5 Rae8 24. a4 Re2 25. a5 b5 26. Be3 h6 27. Qf3 Rc2 28.
Ra3 Qe6 29. Qd1 Nh4 30. Ne1 Rb2 31. gxh4 Qh3 32. Nf3 Rxe3 33. Ne5 Bxe5 34. dxe5 Re4 35.
Kh1 Rxh4 0-1

[Event "*** SCC Grand Prix: Titled Tuesday Blitz"]
[Site "Chess.com"]
[Date "2020.08.04"]
[Round "9"]
[White "diablanni"]
[Black "Euge_chess"]
[Result "1-0"]
[WhiteElo "2323"]
[BlackElo "2063"]
[TimeControl "180+1"]
[EndTime "15:27:02 PDT"]
[Termination "diablanni won on time"]

1. e4 e5 2. Nf3 Nc6 3. d4 exd4 4. Nxd4 Qh4 5. Nc3 Bb4 6. Nb5 Qxe4+ 7. Be2 Bxc3+ 8.
bxc3 Kd8 9. O-O a6 10. Bf3 Qc4 11. Nd6 cxd6 12. Qxd6 Nge7 13. Bf4 b5 14. Qc7+ Ke8 15. Rfe1 f6 16. Bd6 Kf7 17. Bxe7 Nxe7 18. Qxc4+ bxc4 19. Bxa8 d5 20. Rab1 Bf5 21. Rb7 Rxa8 22.
Rexe7+ Kg6 23. Rxg7+ Kh6 24. g4 Bxc2 25. h4 Re8 26. Rge7 Rg8 27. f3 Bd1 28. Kf2 Bc2 29. Rb6 Kg6 30. h5+ Kg5 31. Kg3 Rf8 32. f4+ Kh6 33. Kh4 Rg8 34. g5+ 1-0

[Event "*** SCC Grand Prix: Titled Tuesday Blitz"]
[Site "Chess.com"]
[Date "2020.08.04"]
[Round "9"]
[White "gisela_roque"]
[Black "Belka1989"]
[Result "1-0"]
[WhiteElo "1860"]
[BlackElo "2241"]
[TimeControl "180+1"]
[EndTime "15:27:05 PDT"]
[Termination "gisela_roque won on time"]

1. c4 e5 2. Nc3 Nf6 3. Nf3 Nc6 4. g3 d5 5. cxd5 Nxd5 6. Bg2 Nb6 7. O-O Bd6 8. b3 O-O 9. Bb2 Bf5 10. Rc1 a6 11.
Nh4 Bd7 12. Ne4 Qe7 13. a4 Ba3 14. Bxa3 Qxa3 15. Nc5 Nd4 16. Nxd7 Nxd7 17. Bxb7 Rab8 18. Rxc7 Nc5 19. Bg2 Ncxb3 20. e3 Ne6 21. Rc3 Qxa4 22. Bd5 Nbc5 23. Bxe6 Qxd1 24. Bxf7+ Rxf7 25. Rxd1 Ne4 26. Ra3 Nxf2 27. Rc1 Nh3+ 28. Kg2 Ng5 29. Rxa6 Ne4 30. d3 Ng5 31. Rf1 Rbf8 32. Rxf7 Rxf7 33. Ra8+ Rf8 34. Rxf8+ Kxf8 35. Nf3 Nf7 36. d4 exd4 37. Nxd4 Ke7 38. Kf3 Kd6 39. Nf5+ Ke5 40. Nxg7 Ng5+ 41. Ke2 Ne4 42.
Nh5 Ng5 43. Nf4 1-0

[Event "*** SCC Grand Prix: Titled Tuesday Blitz"]
[Site "Chess.com"]
[Date "2020.08.04"]
[Round "9"]
[White "JMatias"]
[Black "DanielRensch"]
[Result "0-1"]
[WhiteElo "2403"]
[BlackElo "2555"]
[TimeControl "180+1"]
[EndTime "15:27:07 PDT"]
[Termination "DanielRensch won on time"]

1. e4 c5 2. Nf3 Nc6 3. Bb5 g6 4. Bxc6 bxc6 5. O-O Bg7 6. c3 d6 7. d4 cxd4 8. cxd4 Nf6 9. Nc3 O-O 10. h3 a5 11. Be3 Ba6 12. Re1 Nd7 13. Qd2 Rb8 14.
b3 Re8 15. Bh6 Bh8 16. Rac1 c5 17. Red1 Rc8 18. Nd5 cxd4 19. Rxc8 Qxc8 20. Nxd4 Nc5 21. f3 Ne6 22. Nxe6 fxe6 23. Ne3 Qc5 24. Kh1 Rc8 25. Ng4 Qc2 26. Bg5 Qxd2 27. Rxd2 Kf7 28. Nh6+ Ke8 29. Be3 Be5 30. g4 Rc1+ 31. Kg2 Ra1 32. f4 Bg7 33. f5 Bb7 34. Kf3 gxf5 35. gxf5 Bxh6 36. Bxh6 exf5 37. Kf4 Rf1+ 38. Ke3 fxe4 39. Rc2 Rf3+ 40. Ke2 Rxh3 41. Bf4 Ba6+ 42. Kd2 Kd7 43. Rc1 Rf3 44.
Be3 h5 45. Rh1 Rf5 46. Rg1 Rd5+ 47. Ke1 h4 48. Rg7 Rh5 49. Bg5 h3 50. Rxe7+ Kc6 0-1

[Event "*** SCC Grand Prix: Titled Tuesday Blitz"]
[Site "Chess.com"]
[Date "2020.08.04"]
[Round "9"]
[White "Firouzja2003"]
[Black "1stSecond"]
[Result "1-0"]
[WhiteElo "3023"]
[BlackElo "2861"]
[TimeControl "180+1"]
[EndTime "15:27:09 PDT"]
[Termination "Firouzja2003 won by resignation"]

1. e4 e5 2. Nf3 Nc6 3. Bb5 a6 4. Ba4 Nf6 5. O-O Be7 6. Re1 b5 7.
Bb3 d6 8. c3 O-O 9. h3 Bb7 10.
d4 Re8 11. Nbd2 Nd7 12. Nf1 Bf6 13. Ng3 exd4 14. cxd4 Na5 15. Bc2 c5 16. d5 Nc4 17.
Rb1 Nce5 18. Nxe5 Bxe5 19. Nf5 g6 20. f4 gxf5 21. fxe5 dxe5 22. exf5 Nf6 23. Bg5 Qxd5 24. Qxd5 Nxd5 25. Be4 Rab8 26. Rbd1 Nb4 27. Bf6 Bxe4 28.
Rxe4 h5 29. Rd6 c4 30. Rh4 Nd5 31. Rxd5 Rb6 32. Bxe5 f6 33. Bd4 Rc6 34. Rxh5 b4 35. Rd7 Re4 36. Rdh7 Kf8 37. Rh8+ Ke7 38. R5h7+ 1-0